 Dungeon Crawl Stone Soup version 0.17.1-1-g73c8601 (webtiles) character file.

156 ololoev the Chopper (level 5, 16/41 HPs)
             Began as a Demonspawn Fighter on Dec 23, 2015.
             Quit the game on level 5 of the Dungeon.
             The game lasted 00:06:19 (702 turns).

ololoev the Chopper (Demonspawn Fighter)             Turns: 702, Time: 00:06:20

Health: 16/41      AC:  7    Str: 17    XL:     5   Next: 15%
Magic:  5/5        EV:  8    Int: 10    God:
Gold:   128        SH:  8    Dex: 12    Spells: 0 memorised, 4 levels left

rFire  . . .     SeeInvis .     a - +0 war axe
rCold  + . .     Clarity  .     f - +0 scale mail (curse)
rNeg   . . .     SustAt   .     c - +0 shield
rPois  .         Gourm    .     (helmet restricted)
rElec  .         Spirit   .     o - +0 cloak
rCorr  .         Warding  .     (no gloves)
rMut   .         Stasis   .     (no boots)
MR     .....                    (no amulet)
Stlth  ..........               (no ring)
                                (no ring)

@: mildly poisoned (16 -> 15), not resistant to hostile enchantments, extremely
unstealthy
A: antennae 1, repulsion field 1, cold resistance 1
a: no special abilities


Innate Abilities, Weirdness & Mutations

You have a pair of small antennae on your head.
You are surrounded by a mild repulsion field (EV +2).
Your flesh is cold resistant.

Inventory:

Hand Weapons
 a - a +0 war axe (weapon)
Missiles
 l - 4 silver javelins (quivered)
 p - 4 javelins
Armour
 c - a +0 shield (worn)
 f - a cursed +0 scale mail (worn)
 o - a +0 cloak (worn)
Wands
 i - a wand of magic darts (36)
Scrolls
 b - a scroll of magic mapping {unknown}
 g - 2 scrolls of remove curse {unknown}
 h - a scroll of blinking {unknown}
 q - a scroll of fog {unknown}
Potions
 d - 2 potions of lignification {unknown}
 j - a potion of heal wounds
 m - a potion of invisibility {unknown}
Comestibles
 e - 3 bread rations
 k - a slice of pizza
 n - a meat ration


   Skills:
 - Level 3.0 Fighting
 * Level 4.9 Axes
 - Level 2.6 Armour
 - Level 2.6 Shields


You had 4 spell levels left.
You didn't know any spells.


You were on level 5 of the Dungeon.
You were not hungry.

You visited 1 branch of the dungeon, and saw 5 of its levels.

You collected 128 gold pieces.

#### # #... ...#
#.#... ...#
##.#..# #..#
.##.....# #..#
..?.....# #..#
........# #..#
.......@#####..#
.###.##........#
######.#.# #.#.#
#.#.# #...# ###
#.### #.. #.#
#.# #.# #.#

Notes
Turn   | Place    | Note
--------------------------------------------------------------
     0 | D:1      | ololoev the Demonspawn Fighter began the quest for the Orb.
     0 | D:1      | Reached XP level 1. HP: 18/18 MP: 1/1
   131 | D:2      | Found a stormy altar of Qazlal.
   174 | D:1      | Gained mutation: You are surrounded by a mild repulsion field (EV +2). [demonic ancestry]
   174 | D:1      | Reached XP level 2. HP: 18/24 MP: 2/2
   448 | D:3      | Gained mutation: You have a pair of small antennae on your head. [demonic ancestry]
   448 | D:3      | Reached XP level 3. HP: 22/29 MP: 3/3
   485 | D:4      | Reached skill level 4 in Axes
   485 | D:4      | Gained mutation: Your flesh is cold resistant. [demonic ancestry]
   485 | D:4      | Reached XP level 4. HP: 33/35 MP: 4/4
   513 | D:5      | Entered Level 5 of the Dungeon
   685 | D:5      | Reached XP level 5. HP: 33/41 MP: 5/5
   702 | D:5      | Quit the game

Dungeon Overview and Level Annotations

Branches:
Dungeon (5/15)
 Temple: D:4-7

Altars:
Qazlal


Message History

You feel sick.
You feel sick.
An ooze comes into view.
You feel sick.
You feel sick.
You hit the ooze.
The ooze is moderately wounded.
You feel sick. You block the ooze's attack.
You hit the ooze.
The ooze is heavily wounded.
You feel sick. The ooze hits you. The ooze hits you.
You hit the ooze but do no damage.
The ooze is heavily wounded.
The ooze closely misses you.
Your scale mail prevents you from hitting the ooze.
The ooze is heavily wounded.
You feel sick. You block the ooze's attack.
You hit the ooze.
The ooze is severely wounded.
You feel sick. You block the ooze's attack.
The ooze hits you but does no damage.
You barely miss the ooze.
The ooze is severely wounded.
The ooze hits you but does no damage.
You hit the ooze but do no damage.
The ooze is severely wounded.
You feel sick. You block the ooze's attack.
You hit the ooze.
The ooze is almost dead.
You block the ooze's attack. The ooze barely misses you.
You slash the ooze!
You kill the ooze!
You feel sick.
Found a scroll labeled WYEVVUPLUMI.
You feel sick.
Are you sure you want to abandon this character and quit the game? (Confirm with "yes".)
Okay, then.
Welcome back, ololoev the Demonspawn Fighter.
Press ? for a list of commands and other information.
Are you sure you want to abandon this character and quit the game? (Confirm with "yes".)

There were no monsters in sight!

Vanquished Creatures
  An iguana (D:4)
  A hound (D:4)
  An orc wizard (D:4)
  A worker ant (D:5)
  An adder (D:5)
  A shadow imp (D:3)
  An ooze (D:5)
  An adder zombie (D:5)
  An orc (D:3)
  2 ball pythons (D:2)
  A bat zombie (D:1)
  2 giant cockroaches
  A goblin (D:2)
  4 hobgoblins (D:1)
  A jackal (D:5)
  4 kobolds
  3 bats
  A giant newt (D:4)
  2 quokka zombies
  2 rats
32 creatures vanquished.

Action                   |  1- 3 |  4- 6 || total
-------------------------+-------+-------++-------
Melee: War axe           |    69 |    35 ||   104
Throw: Javelin           |     1 |       ||     1
  Use: Potion            |     2 |     1 ||     3

Vault maps used:
D:1:      saegor_arrival_fortress, serial_forest, infiniplex_forest_end_1,
          infiniplex_forest_lined_room_2, infiniplex_forest_zigzag_1,
          infiniplex_forest_clump_small, infiniplex_forest_lined_2
D:2:      grunt_qazlal_sundering, ecumenical_altar_2
D:4:      marbit_many_paths, serial_shops, nicolae_shop_crystal, first_bread,
          uniq_crazy_yiuf_cottage
D:5:      nicolae_overflow_hidden_temple, minmay_temple_entry_purple_smoke
